 Dungeon Crawl Stone Soup version 0.30.1-9-gdf580d7c3d (webtiles) character file.

Game seed: 4945638756696248737

1950 CaptainMV the Chiller (level 8, -5/59 (61) HPs)
             Began as a Black Draconian Ice Elementalist on Oct 9, 2023.
             Was a Believer of Vehumet.
             Slain by an orc warrior
             ... wielding a +0 halberd
              (18 damage)
             ... on level 7 of the Dungeon.
             The game lasted 00:45:06 (4697 turns).

CaptainMV the Chiller (DrIE)                        Turns: 4697, Time: 00:45:07

HP:   -5/59 (61)    AC: 10    Str: 11    XL:     8   Next: 99%
MP:   4/25          EV: 13    Int: 22    God:    Vehumet [**....]
Gold: 286           SH:  0    Dex: 13    Spells: 7/17 levels left

rFire   . . .        a - +0 longbow
rCold   . . .        (shield currently unavailable)
rNeg    . . .        (body armour unavailable)
rPois   .            (helmet restricted)
rElec   +            e - scarf {harm}
rCorr   +            p - +1 pair of gloves
SInv    .            i - +1 pair of boots
Will    .....        B - amulet of Cisiqor {Faith rCorr}
Stlth   ++           y - +6 ring of intelligence
HPRegen 0.29/turn    C - ring of magical power
MPRegen 0.19/turn

%: harm (+30% outgoing, +20% incoming), faith
@: freezing walls, very slightly contaminated, lightly drained
A: breathe lightning, AC +6, unfitting armour, electricity resistance,
cold-blooded
a: Breathe Lightning, Renounce Religion


You were on level 7 of the Dungeon.
You worshipped Vehumet.
Vehumet was pleased with you.
You visited 2 branches of the dungeon, and saw 8 of its levels.

You collected 286 gold pieces.

Inventory:

Hand Weapons
 a - a +0 longbow (weapon)
 b - a +0 falchion of holy wrath
Missiles
 o - 11 poisoned darts
Armour
 e - a scarf of harm (worn)
 i - a +1 pair of boots (worn)
 p - a +1 pair of gloves (worn)
Jewellery
 f - an amulet of reflection
 h - an amulet of regeneration
 r - a +6 ring of strength
 y - a +6 ring of intelligence (left hand)
 B - the amulet of Cisiqor (around neck) {Faith rCorr}
   (You found it on level 6 of the Dungeon)

   [amulet of faith]

   It allows you to gain divine favour quickly.
   rCorr:     It protects you from acid and corrosion.
 C - a ring of magical power (right hand)
Wands
 l - a wand of acid (9)
Scrolls
 s - 3 scrolls of teleportation
 w - a scroll of fog
 z - a scroll of amnesia
Potions
 c - a potion of magic
 d - a potion of invisibility {unknown}
 g - a potion of haste {unknown}
 k - a potion of lignification {unknown}
 m - 2 potions of flight
 n - 3 potions of degeneration
 q - 3 potions of curing
 t - a potion of brilliance {unknown}
 x - a potion of might {unknown}
 A - a potion of attraction {unknown}


   Skills:
 + Level 2.0 Fighting
 + Level 2.9 Long Blades
 + Level 5.1 Ranged Weapons
 + Level 0.2 Throwing
 + Level 3.1 Dodging
 + Level 3.3 Stealth
 + Level 1.8 Shields
 + Level 5.4 Spellcasting
 + Level 0.8 Conjurations
 + Level 0.1 Translocations
 + Level 0.1 Fire Magic
 + Level 6.8 Ice Magic
 + Level 0.8 Earth Magic
 + Level 0.1 Evocations


You had 7 spell levels left.
You knew the following spells:

 Your Spells              Type           Power      Damage    Failure   Level
a - Freeze                Ice            100%       1d10      1%          1
b - Frozen Ramparts       Ice            70%        1d11      1%          3
c - Volatile Blastmotes   Fire/Tloc      12%        2d11      26%         3
d - Stone Arrow           Conj/Erth      18%        3d8       21%         3

Your spell library contained the following spells:

 Spells                   Type           Power      Damage    Failure   Level
 Momentum Strike          Conj/Tloc      16%        3d8       12%         2
 Ozocubu's Armour         Ice            35%        N/A       1%          3
 Sandblast                Erth           18%        2d7       7%          1
 Slow                     Hex            20%        N/A       10%         1
 Passwall                 Tmut/Erth      5%         N/A       12%         2
 Summon Ice Beast         Ice/Summ       20%        N/A       24%         4
 Confusing Touch          Hex            5%         N/A       28%         3
 Vampiric Draining        Necr           5%         2d6       28%         3
 Iskenderun's Mystic Bla  Conj/Tloc      8%         2d4       61%         4
 Fulminant Prism          Conj/Hex       3%         3d5       63%         4
 Leda's Liquefaction      Hex/Erth       3%         N/A       63%         4
 Iskenderun's Battlesphe  Conj           9%         2d6       88%         5
 Lee's Rapid Deconstruct  Erth           4%         3d5*      89%         5
 Iron Shot                Conj/Erth      4%         9d2       100%        6
 Spellforged Servitor     Conj/Summ      3%         N/A       100%        7
 Lehudib's Crystal Spear  Conj/Erth      4%         10d3      100%        8


Dungeon Overview and Level Annotations

Branches:
Dungeon (7/15)             Temple (1/1) D:6

Altars:
Ashenzari
Cheibriados
Dithmenos
Elyvilon
Fedhas
Gozag
Hepliaklqana
Nemelex Xobeh
Okawaru
Qazlal
Ru
Sif Muna
Trog
Uskayaw
Vehumet
Wu Jian
Xom
Yredelemnul
The Shining One

Annotations:
D:3 Grinder


Innate Abilities, Weirdness & Mutations

You can breathe wild blasts of lightning.
Your glossy black scales are hard. (AC +6)
You cannot fit into any form of body armour.
You are resistant to electric shocks. (rElec)
You are cold-blooded and may be slowed by cold attacks.


Message History

You kill the orc!
Vehumet accepts your kill.
The wall freezes the orc warrior.
The orc warrior misses you.
Casting: Stone Arrow (dangerous; 22% risk of failure)
Confirm with . or Enter, or press ? or * to list all spells.
Aiming: Stone Arrow (dangerous; 22% risk of failure)
Press: ? - help, Shift-Dir - straight line, f/p - wight
Aim: a wight, wielding a +0 dire flail and wearing a +0 robe (moderately damaged, 64% to hit)
You miscast Stone Arrow.
Nothing appears to happen.
The wight resists.
The wall freezes the wight.
The wight closely misses you.
The wall freezes the orc but does no damage.
The orc hits you with a +0 war axe.
The wall freezes the orc warrior but does no damage.
The orc warrior hits you from afar with a +0 halberd!
Casting: Stone Arrow (dangerous; 22% risk of failure)
Confirm with . or Enter, or press ? or * to list all spells.
Aiming: Stone Arrow (dangerous; 22% risk of failure)
Press: ? - help, Shift-Dir - straight line, f/p - wight
Aim: a wight, wielding a +0 dire flail and wearing a +0 robe (moderately damaged, 64% to hit)
The stone arrow hits the wight!
You destroy the wight!
Vehumet accepts your kill.
You feel your power returning.
The frozen ramparts melt away.
The orc warrior hits you from afar with a +0 halberd!
* * * LOW HITPOINT WARNING * * *
The orc closely misses you.
Casting: Stone Arrow (dangerous; 21% risk of failure)
Confirm with . or Enter, or press ? or * to list all spells.
Casting: Frozen Ramparts (safe; 1% risk of failure)
Press: ? - help, Dir - look around, f - activate The walls around you are covered in ice.
The wall freezes the orc warrior but does no damage.
The orc warrior barely misses you.
The wall freezes the orc.
The orc closely misses you.
You shoot an arrow. The arrow hits the orc!
You kill the orc!
Vehumet accepts your kill.
The wall freezes the orc warrior.
The orc warrior hits you from afar with a +0 halberd!
You die...

......≈.....###.#.....#.
≈≈≈≈≈.≈....###..#.#.###.
≈...§.≈.....###.#.._..#.
≈._.≈.≈.##.####.###.#.#.
§§..≈.≈.##.###..#.....#.
≈§≈≈≈.≈.# ###...###.###.
.§....≈.# #............
≈≈≈≈≈≈≈)# #...........#
.....))@# ##..........#
.##..o### ###.......##
.....# ###[.#### #####
#.## ###


You could see an orc warrior.

Vanquished Creatures
  A water moccasin (D:5)
  An orc warrior (D:5)
  2 centaurs
  3 ogres
  A phantom (D:5)
  2 bullfrogs
  A kobold brigand (D:6)
  3 scorpions
  3 wights (D:7)
  3 jellies
  3 orc priests
  2 hounds (D:5)
  Jessica (D:2)
  A sleepcap (D:7)
  3 iguanas (D:6)
  7 orc wizards
  Robin (D:3)
  7 adders
  A shadow imp (D:4)
  2 ufetubi
  2 dart slugs
  25 orcs
  4 ball pythons
  5 endoplasms
  2 giant cockroaches
  13 goblins
  7 hobgoblins
  A quokka (D:2)
  4 bats
  A frilled lizard (D:2)
  9 kobolds
  5 rats
  A butterfly (D:6)
127 creatures vanquished.

Notes
Turn   | Place    | Note
-------+----------+-------------------------------------------
     0 | D:1      | CaptainMV the Draconian Ice Elementalist began the quest
                  | for the Orb.
     0 | D:1      | Reached XP level 1. HP: 14/14 MP: 3/3
   470 | D:1      | Reached XP level 2. HP: 20/20 MP: 3/5
   613 | D:2      | Got the Teachings on Detritus
   678 | D:2      | Noticed Jessica
   685 | D:2      | Killed Jessica
   686 | D:2      | Reached XP level 3. HP: 25/26 MP: 3/6
   997 | D:2      | Reached skill level 5 in Ice Magic
   997 | D:2      | Reached XP level 4. HP: 33/33 MP: 2/7
  1010 | D:2      | Learned a level 3 spell: Frozen Ramparts
  1129 | D:2      | Found a faded altar of an unknown god.
  1364 | D:3      | Noticed Grinder
  1735 | D:3      | Found a radiant altar of Vehumet.
  1752 | D:3      | Became a worshipper of Vehumet
  2006 | D:3      | Noticed Robin
  2016 | D:3      | Killed Robin
  2019 | D:3      | Reached XP level 5. HP: 38/38 MP: 3/9
  2164 | D:4      | Reached * piety under Vehumet
  2164 | D:4      | Offered knowledge of Shock by Vehumet.
  2186 | D:4      | Reached skill level 1 in Long Blades
  2186 | D:4      | Reached XP level 6. HP: 25/46 MP: 9/11
  2914 | D:5      | Entered Level 5 of the Dungeon
  2953 | D:5      | Reached skill level 1 in Ranged Weapons
  3254 | D:5      | Noticed a water moccasin
  3259 | D:5      | Killed a water moccasin
  3260 | D:5      | Reached skill level 1 in Fighting
  3260 | D:5      | Your scales start taking on a glossy black colour.
  3260 | D:5      | Reached XP level 7. HP: 52/52 MP: 8/13
  3260 | D:5      | Gained mutation: You are resistant to electric shocks.
                  | (rElec) [Black Draconian growth]
  3320 | D:5      | Found a blossoming altar of Fedhas.
  3338 | D:5      | Reached skill level 6 in Ice Magic
  3341 | D:5      | Reached skill level 1 in Shields
  3372 | D:5      | Found a shimmering blue altar of Sif Muna.
  3501 | D:5      | Found a broken altar of Ashenzari.
  3662 | D:5      | Reached XP level 8. HP: 35/59 MP: 11/15
  3933 | D:6      | Learned a level 3 spell: Volatile Blastmotes
  3941 | D:6      | Found a bloodstained altar of Trog.
  4029 | D:6      | Offered knowledge of Momentum Strike by Vehumet.
  4078 | D:6      | Learned a level 3 spell: Stone Arrow
  4096 | D:6      | Identified the amulet of Cisiqor {Faith rCorr}
  4097 | D:6      | Reached ** piety under Vehumet
  4108 | D:6      | Reached skill level 5 in Spellcasting
  4158 | D:6      | Found a staircase to the Ecumenical Temple.
  4170 | Temple   | Entered the Ecumenical Temple
  4289 | D:6      | Found a white marble altar of Elyvilon.
  4381 | D:6      | Identified the +0 ring mail of the Salamander {Str+3}
  4565 | D:7      | Reached skill level 5 in Ranged Weapons
  4586 | D:7      | Found an opulent altar of Gozag.
  4676 | D:7      | Found a stormy altar of Qazlal.
  4697 | D:7      | Slain by an orc warrior

Illustrated notes

Levels and vault maps discovered:
D:1:      dpeg_arrival_shelter, layout_basic
D:2:      layout_loops_ring, dilly_ecumenical_altar_fadedgnrine,
          chequers_serial_rivers_small_3, minmay_circled_x, uniq_jessica
D:3:      layout_basic, vehumet_crystals, mainiacjoe_overflow_alcove_4,
          serial_co_window_serial, co_window_of_opportunity_a,
          co_window_paths_a, co_window_paths_a, co_window_paths_b,
          co_window_of_opportunity_a, co_window_paths_c, co_window_2corner,
          co_window_cross_2, co_window_unsneaky_path_c, co_window_broadway_b,
          co_window_unsneaky_path_d, co_window_4corner_a, co_window_paths_e,
          glass_columns_a, glass_columns_c, glass_columns_b, uniq_natasha,
          uniq_grinder, uniq_robin
D:4:      layout_basic
D:5:      layout_basic, lemuel_blue_sif_altar, fedhas_altar_1,
          nicolae_ashenzari_panopticon
D:6:      layout_basic, mainiacjoe_overflow_cross_hatched, elyvilon_altar_5,
          minmay_temple_entry_butterflies
D:7:      layout_cave_pools, nicolae_gozag_cash_rules_everything_around_me,
          mainiacjoe_overflow_concentric_impassable
Temple:   minmay_temple_curvy_loop

Skill      XL: |  1  2  3  4  5  6  7  8 |
---------------+-------------------------+-----
Stealth        | 2 3 |  3.3
Ice Magic      | 5 6 |  6.8
Spellcasting   | 3 4 5 |  5.4
Dodging        | 2 3 |  3.1
Long Blades    | 1 2 |  2.9
Ranged Weapons | 2 3 5 |  5.1
Fighting       | 1 2 |  2.0
Shields        | 1 |  1.8
Throwing       | |  0.2
Conjurations   | |  0.8
Translocations | |  0.1
Fire Magic     | |  0.1
Earth Magic    | |  0.8
Evocations     | |  0.1

Action                     |  1- 3 |  4- 6 |  7- 9 || total
---------------------------+-------+-------+-------++-------
  Melee: Short sword       |     4 |    10 |       ||    14
         Long sword        |       |    54 |       ||    54
         Tailslap          |       |    11 |     9 ||    20
         Falchion          |       |     3 |    79 ||    82
         Longbow           |       |       |     1 ||     1
         Punch             |       |       |     1 ||     1
   Fire: Longbow           |       |    25 |    52 ||    77
  Throw: Dart              |       |       |     3 ||     3
   Cast: Freeze            |    28 |    11 |       ||    39
         Frozen Ramparts   |       |    14 |    16 ||    30
         Stone Arrow       |       |       |    15 ||    15
         Volatile Blastmot |       |       |     1 ||     1
Ability: Breathe Lightning |       |       |     1 ||     1
  Evoke: Wand              |       |     1 |       ||     1
    Use: Scroll            |     8 |     6 |     3 ||    17
         Potion            |       |     1 |     3 ||     4
   Stab: Sleeping          |     4 |     2 |       ||     6
 Armour: Skin              |     4 |    29 |    49 ||    82
  Dodge: Dodged            |    17 |    47 |    72 ||   136
  Block: Other             |     3 |    17 |    14 ||    34
